 Dungeon Crawl Stone Soup version 0.29-a0-723-gce39da1c22 (webtiles) character file.

Game seed: 9720388219223511961

110048 buhh the Warrior (level 17, -7/131 HPs)
             Began as a Djinni Transmuter on June 28, 2022.
             Was a High Priest of Cheibriados.
             Shot with an arrow by a naga sharpshooter (24 damage)
             ... on level 2 of the Snake Pit.
             The game lasted 01:35:01 (40579 turns).

buhh the Warrior (Djinni Transmuter)               Turns: 40579, Time: 01:35:01

Health: -7/131     AC:  2    Str: 20    XL:     17   Next: 9%
Gold:   1063       EV: 40    Int: 36    God:    Cheibriados [*****.] SH:  0 Dex: 36

rFire   + . .      SeeInvis .     - Unarmed
rCold   + + .      Faith    .   (shield currently unavailable)
rNeg    . . .      Spirit   .   (body armour currently unavailable)
rPois   ∞          Reflect  .   (helmet currently unavailable)
rElec   .          Harm     .   (cloak currently unavailable)
rCorr   .          Rampage  .   (gloves currently unavailable)
Will    ++...                   (boots unavailable)
Stlth   ++++......              d - amulet "Nutymny" {Acrobat +Blink rPois rC+ Int+4}
HPRegen 0.31/turn               i - ring of protection from fire
MPRegen 0.00/turn               R - ring "Bethaxt" {Wiz rC+ Will+ Dex+4}

@: spider-form, flying, studying Armour, very slow
A: venomous fangs, flying, sickness immunity, tiny, (fire resistance 2), (cold
vulnerability 1), float, innate caster, HP casting, extra vitality 1
a: End Transformation, Renounce Religion, Evoke Blink, Bend Time, Temporal
Distortion, Slouch, Step From Time


You were on level 2 of the Snake Pit.
You worshipped Cheibriados.
Cheibriados was extremely pleased with you.
You were a venomous arachnid creature.
You visited 5 branches of the dungeon, and saw 25 of its levels.
You also visited: Sewer and Gauntlet.

You collected 2663 gold pieces.
You spent 1600 gold pieces at shops.

Inventory:

Missiles
 b - a throwing net {!f}
 n - 4 curare-tipped darts
 G - 4 silver javelins
Armour
 u - the +0 robe of Fortitude (melded) {rElec}
   (You found it on level 5 of the Dungeon)

   rElec:     It insulates you from electricity.
 x - a +2 leather armour of willpower
 E - a +0 troll leather armour
 T - a +2 cloak of stealth (melded)
 X - the +1 hat of the Furrier (melded) {rPois SInv}
   (You found it in a Gauntlet)

   rPois:     It protects you from poison.
   SInv:      It lets you see invisible.
Magical Staves
 e - a staff of death
 q - a staff of fire
 C - a staff of cold (melded)
 D - a staff of earth
 S - a staff of poison
Jewellery
 d - the amulet "Nutymny" (around neck) {Acrobat +Blink rPois rC+ Int+4}
   (You took it off a tengu warrior on level 11 of the Dungeon)

   [amulet of the acrobat]

   It increases your evasion while moving and waiting.
   Int:       It affects your intelligence (+4).
   rC:        It protects you from cold.
   rPois:     It protects you from poison.
   +Blink:    It lets you blink.
 i - a ring of protection from fire (left front leg)
 j - a +4 ring of slaying
 o - a +6 ring of intelligence
 R - the ring "Bethaxt" (right front leg) {Wiz rC+ Will+ Dex+4}
   (You found it in a Gauntlet)

   [ring of wizardry]

   It improves your spell success rate.
   Dex:       It affects your dexterity (+4).
   rC:        It protects you from cold.
   Will:      It increases your willpower.
 W - a ring of ice
Wands
 a - a wand of polymorph (11)
 c - a wand of iceblast (12)
 m - a wand of flame (40)
 r - a wand of quicksilver (4)
 v - a wand of digging (5)
 w - a wand of mindburst (8)
 z - a wand of paralysis (10)
Scrolls
 g - 17 scrolls of identify {!d}
 l - 2 scrolls of vulnerability
 p - 3 scrolls of brand weapon
 t - 8 scrolls of teleportation {!d}
 A - a scroll of noise
 F - 2 scrolls of enchant weapon
 P - 3 scrolls of magic mapping {!r!d}
 Q - 6 scrolls of fog
 Z - 5 scrolls of enchant armour
Potions
 f - 2 potions of might
 h - 3 potions of attraction
 k - 2 potions of flight
 y - 2 potions of degeneration
 B - 3 potions of ambrosia {!q!d}
 H - 2 potions of invisibility {!q!d}
 J - 2 potions of magic {!q!d}
 K - 3 potions of brilliance {!q!d}
 L - 2 potions of resistance {!q!d}
 N - 2 potions of curing {!q!d}
 O - 5 potions of haste {!q!d}
 U - 7 potions of mutation {!d}
Miscellaneous
 I - a lightning rod (4/4)
 V - a phial of floods


   Skills:
 - Level 15.0 Fighting
 * Level 9.4 Armour
 - Level 11.0 Dodging
 * Level 5.2 Stealth
 - Level 12.0 Unarmed Combat
 - Level 10.7 Spellcasting
 - Level 13.0 Invocations


You couldn't memorise any spells.
You knew the following spells:

 Your Spells              Type           Power      Damage    Failure   Level
a - Beastly Appendage     Tmut           100%       N/A       1%          1
b - Wereblood             Tmut           77%        N/A       1%          2
c - Spider Form           Tmut/Pois      77%        N/A       1%          3
d - Ice Form              Ice/Tmut       77%        N/A       1%          4
e - Apportation           Tloc           100%       N/A       1%          1
f - Blink                 Tloc           100%       N/A       1%          2
g - Teleport Other        Tloc           77%        N/A       1%          3
h - Frozen Ramparts       Ice            100%       1d12      1%          3
i - Summon Lightning Spi  Summ/Air       77%        N/A       1%          4
j - Yara's Violent Unrav  Hex/Tmut       38%        3d15      1%          5
k - Conjure Ball Lightni  Conj/Air       38%        3x3d12    5%          6
l - Monstrous Menagerie   Summ           38%        N/A       19%         7
Your spell library was empty.

Dungeon Overview and Level Annotations

Branches:
Dungeon (14/15) Zot: 39553  Temple (1/1) D:4 Zot: 8813    Lair (6/6) D:9 Zot: 35563
  Swamp (0/4) Lair:2        Snake (1/4) Lair:3 Zot: 17383   Slime (0/5) Lair:5
    Orc (2/2) D:10 Zot: 13846     Elf (0/3) Orc:2         Sewer (visited)
Gauntlet (visited)
 Vaults: D:13-14

Altars:
Ashenzari
Cheibriados
Dithmenos
Elyvilon
Fedhas
Gozag
Hepliaklqana
Kikubaaqudgha
Makhleb
Nemelex Xobeh
Okawaru
Qazlal
Ru
Sif Muna
Trog
Uskayaw
Vehumet
Wu Jian
Xom
Yredelemnul
Zin
The Shining One
Jiyva
Lugonu

Shops:
D:8 :   D:13 ?   Orc:1 :   Orc:2 !*[?

Portals:
Abyss: Lair:6

Annotations:
D:5 1 runed translucent door, blackman's ghost, weakling HuDe
D:9 3 runed translucent doors, wingedge's ghost, journeyman TeAE
D:11 1 runed translucent door
D:14 Rupert
Lair:3 exclusion: oklob plant


Innate Abilities, Weirdness & Mutations

You are a venomous arachnid creature.
You have poisonous fangs.
You are tiny and dextrous.
You are flying.
Your spellcasting is less reliable in this form.
Your armour is entirely melded.
You are incapable of wielding weapons or throwing items.
You are immune to sickness and miasma.
You are immune to poison.
((Your flesh is very heat resistant. (rF++)))
((You are vulnerable to cold. (rC-)))
You float through the air rather than walking.
You learn spells naturally, not from books.
Your magical power is your life essence.
You have superior vitality. (+4 MHP)


Message History

Your black mamba dissolves into shadows!
The naga sharpshooter shoots an arrow.
The arrow hits you!!
* * * LOW HITPOINT WARNING * * *
x2 Your naga hits the naga warrior from afar with a +1 glaive of protection!
Your anaconda completely misses the naga warrior.
Your anaconda bites the naga warrior.
The naga warrior misses you.
The naga sharpshooter casts a spell.
The naga sharpshooter magically shoots an arrow.
The arrow hits you!
* * * LOW HITPOINT WARNING * * *
x2 Your naga misses the naga warrior.
Your anaconda grabs the naga warrior.
Your anaconda bites the naga warrior.
Your anaconda constricts the naga warrior.
The naga warrior completely misses you.
Really quaff
N - 3 potions of curing {!q!d}?
You feel better.
Your anaconda bites the naga warrior but does no damage.
Your anaconda constricts the naga warrior.
The naga sharpshooter shoots an arrow.
The arrow hits your naga sharpshooter!
Your naga hits the naga warrior from afar with a +1 glaive of protection!!
Your naga sharpshooter gestures wildly while chanting.
Your naga sharpshooter magically shoots a bolt.
The bolt hits the naga warrior!!
The naga warrior dies!
Cheibriados thoroughly appreciates the change of pace.
What are your orders? t - Hiss!
Orders for allies: a - Attack new target. r - Retreat! s - Stop attacking. g - Guard the area. f - Follow me.
Anything else - Cancel.
Gang up on whom?
Press: ? - help, Dir - move target, f - naga sharpshooter
Aim: a naga sharpshooter, wielding a +1 vorpal shortbow and wearing a +0 robe (ally target) Attack!
Your naga dissolves into shadows!
The naga sharpshooter gestures wildly while chanting.
The naga sharpshooter magically shoots an arrow.
The arrow hits you!!
You die...

#.#* ##......N....##.# ##*
#....##...#.)#.N###
#.....#N.###))....#
##..........))...##. ***
#............)...#**
*,**##..S.N######.##..#
***..##...N..# *#..#*..#*
*,,...)...NN###*#..##*#..#
***,.##..SsN..#....* *###
*,,*##))###.....#*
*,,*#..)* ###...#
*,,...#.** #..##
**##....,* #N.#
##,..,***#..*
**[..,,,,,,** *,.##*,,,,,*
***,** *,,,,,*


You could see a naga sharpshooter (ally target), 3 friendly naga sharpshooters,
a friendly anaconda (summoned), 2 friendly naga ritualists and a friendly black
mamba (summoned).

Vanquished Creatures
  An orc warlord (Orc:2)
  A minotaur (shapeshifter) (Lair:6)
  A minotaur (Gauntlet)
  Josephine (D:10)
  A fire dragon (D:11)
  7 hydras
  Fannar (Orc:1)
  Erolcha (D:9)
  An ice dragon (shapeshifter) (Lair:6)
  2 boulder beetles
  2 centaur warriors (D:13)
  2 anacondas (Lair:4)
  6 two-headed ogres
  A naga warrior (Snake:2)
  7 death yaks
  A tengu warrior (D:11)
  An alligator (Lair:4)
  2 orc high priests (Orc:2)
  3 thrashing horrors (Lair:6)
  A salamander mystic (Snake:2)
  A bog body (Lair:2)
  A lindwurm (Lair:6)
  Pikel (D:9)
  2 mana vipers (Snake:2)
  2 salamanders (Snake:2)
  2 manticores
  2 orc knights (Orc:2)
  6 orc sorcerers
  3 ugly things
  3 cyclopes
  A large abomination (Lair:6)
  A naga mage (Snake:2)
  7 black mambas
  A guardian serpent (Snake:2)
  3 elephants
  A torpor snail (Lair:4)
  Psyche (D:9)
  11 cane toads
  13 rime drakes
  A tengu conjurer (D:13)
  10 komodo dragons
  An efreet (D:13)
  2 ancient zymes (Lair:6)
  3 meliai (Gauntlet)
  3 trolls
  3 hornets
  7 polar bears
  28 blink frogs
  2 shadows
  A spriggan (Lair:6)
  A spriggan (shapeshifter) (Lair:6)
  2 wyverns
  Eustachio (D:6)
  5 wraiths
  40 yaks
  8 basilisks
  3 chaos spawn (Lair:6)
  8 steam dragons
  6 vampire mosquitoes
  A warg (Orc:2)
  Edmund (D:6)
  8 nagas
  An acid dragon (D:12)
  15 water moccasins
  15 orc warriors
  3 sky beasts
  5 black bears
  9 small abominations (Lair:6)
  An ice beast (D:5)
  9 ogres
  A boggart (shapeshifter) (Lair:6)
  31 wolves
  5 centaurs
  6 kobold brigands
  A necrophage (D:6)
  14 bullfrogs
  5 scorpions
  10 killer bees
  3 howler monkeys
  8 electric eels
  8 hounds
  11 orc priests
  3 jellies
  Terence (D:2)
  5 iguanas
  8 hell rats
  22 orc wizards
  11 gnolls
  13 adders
  7 river rats
  4 shadow imps
  An ufetubus (D:5)
  4 worms
  5 dart slugs
  66 orcs
  6 endoplasms
  4 giant cockroaches
  13 goblins
  18 hobgoblins
  2 jackals (D:2)
  11 ball pythons
  3 bats
  2 frilled lizards
  28 kobolds
  15 rats
663 creatures vanquished.

Vanquished Creatures (collateral kills)
  A boulder beetle (D:13)
  3 hydras
  3 centaur warriors
  A two-headed ogre (D:11)
  2 catoblepae (Lair:3)
  A death yak (Lair:6)
  A naga sharpshooter (Snake:2)
  A naga warrior (Snake:2)
  2 orc high priests
  A skeletal warrior (D:11)
  A wizard (D:14)
  3 orc knights
  A deep elf pyromancer (D:14)
  A manticore (D:13)
  2 oklob plants (Lair:4)
  4 cyclopes
  2 salamanders
  2 elephants
  A black mamba (Lair:2)
  A smoke demon (Lair:6)
  A gargoyle (D:12)
  A cane toad (Lair:4)
  4 rime drakes
  2 kobold demonologists (D:12)
  A freezing wraith (D:11)
  2 tengu conjurers (D:13)
  A troll (D:12)
  A polar bear (Lair:4)
  4 blink frogs
  20 yaks
  A wyvern (Lair:4)
  2 basilisks
  4 vampire mosquitoes
  A steam dragon (Lair:4)
  A warg (Orc:2)
  An acid dragon (D:13)
  A naga (Snake:2)
  A water moccasin (Lair:2)
  10 orc warriors
  2 ogres (Orc:1)
  A wolf (Lair:6)
  8 centaurs
  2 kobold brigands (D:12)
  2 bullfrogs
  2 jellies (Lair:5)
  5 orc priests
  9 orc wizards
  2 hell rats
  15 orcs
  4 endoplasms (Lair:5)
  5 kobolds (D:12)
  A ball lightning (Orc:2)
151 creatures vanquished.

Vanquished Creatures (others)
  An orc warrior (Orc:2)
  33 ball lightnings
  38 fungi
  67 plants
  17 withered plants (Gauntlet)
156 creatures vanquished.

Grand Total: 970 creatures vanquished

Notes
Turn   | Place    | Note
-------+----------+-------------------------------------------
     0 | D:1      | buhh the Djinni Transmuter began the quest for the Orb.
     0 | D:1      | buhh set off with the following spells memorised: Beastly
                  | Appendage, Wereblood, Spider Form, Ice Form.
     0 | D:1      | Reached XP level 1. HP: 17/17 MP: 0/0
    66 | D:1      | Reached XP level 2. HP: 8/22 MP: 0/0
   522 | D:1      | Found a faded altar of an unknown god.
   977 | D:1      | Reached XP level 3. HP: 21/27 MP: 0/0
   977 | D:1      | Learned a level 1 spell: Apportation
  1628 | D:2      | Reached skill level 2 in Fighting
  2412 | D:2      | Noticed Terence
  2422 | D:2      | Killed Terence
  2423 | D:2      | Reached XP level 4. HP: 34/34 MP: 0/0
  3112 | D:2      | Reached XP level 5. HP: 32/39 MP: 0/0
  3112 | D:2      | Learned a level 2 spell: Blink
  4192 | D:3      | Found a broken altar of Ashenzari.
  4465 | D:3      | Reached skill level 3 in Fighting
  4470 | D:3      | Reached XP level 6. HP: 17/46 MP: 0/0
  5344 | D:4      | Noticed a black bear
  5352 | D:4      | HP: 1/46 [black bear (5)]
  5353 | D:4      | Killed a black bear
  5354 | D:4      | Reached XP level 7. HP: 10/51 MP: 0/0
  5354 | D:4      | Learned a level 3 spell: Teleport Other
  5758 | D:4      | Reached skill level 4 in Fighting
  5872 | D:4      | Found a staircase to the Ecumenical Temple.
  5886 | Temple   | Entered the Ecumenical Temple
  5993 | Temple   | Became a worshipper of Cheibriados the Contemplative
  6180 | D:4      | Reached * piety under Cheibriados
  6505 | D:5      | Entered Level 5 of the Dungeon
  6623 | D:5      | Identified the +0 robe of Fortitude {rElec}
  6654 | D:5      | Found a glowing drain.
  6659 | Sewer    | Entered a sewer
  6739 | Sewer    | Reached XP level 8. HP: 53/58 MP: 0/0
  7054 | Sewer    | Reached skill level 5 in Fighting
  7313 | Sewer    | Reached ** piety under Cheibriados
  7556 | D:5      | Found a runed translucent door.
  7558 | D:5      | Noticed blackman's ghost (weakling HuDe)
  7851 | D:5      | Found a shadowy altar of Dithmenos.
  8738 | D:6      | Reached XP level 9. HP: 60/66 MP: 0/0
  8738 | D:6      | Learned a level 3 spell: Frozen Ramparts
  8782 | D:6      | Reached skill level 6 in Fighting
  8983 | D:6      | Reached *** piety under Cheibriados
  9348 | D:6      | Noticed Edmund
  9354 | D:6      | Killed Edmund
  9528 | D:6      | Noticed Eustachio
  9543 | D:6      | Killed Eustachio
  9923 | D:7      | Reached skill level 7 in Fighting
 10825 | D:7      | Reached XP level 10. HP: 70/75 MP: 0/0
 11516 | D:8      | Noticed a two-headed ogre
 11524 | D:8      | Killed a two-headed ogre
 11854 | D:8      | Reached **** piety under Cheibriados
 11879 | D:8      | Reached skill level 8 in Fighting
 12267 | D:8      | Found Rerph's Book Shoppe.
 12565 | D:8      | Found a shimmering altar of Xom.
 12565 | D:8      | Found a stormy altar of Qazlal.
 12691 | D:9      | Found a runed translucent gate.
 12691 | D:9      | Noticed an 11-headed hydra
 12692 | D:9      | Noticed wingedge's ghost (journeyman TeAE)
 12693 | D:9      | Found a runed translucent gate.
 12724 | D:9      | Found a staircase to the Lair.
 13063 | D:9      | Reached ***** piety under Cheibriados
 13064 | D:9      | Reached XP level 11. HP: 72/82 MP: 0/0
 13064 | D:9      | Learned a level 4 spell: Summon Lightning Spire
 13093 | D:9      | Reached skill level 9 in Fighting
 13701 | D:9      | Noticed Pikel
 13707 | D:9      | Noticed Psyche
 13710 | D:9      | Killed Pikel
 13718 | D:9      | Killed Psyche
 13887 | D:9      | Found a runed translucent gate.
 13889 | D:9      | Noticed a nine-headed hydra
 13993 | D:9      | Noticed Erolcha
 14320 | D:10     | Entered Level 10 of the Dungeon
 14638 | D:10     | Found a staircase to the Orcish Mines.
 14640 | D:10     | Found an ornate altar of the Wu Jian Council.
 14657 | D:10     | Noticed an eight-headed hydra
 14681 | D:10     | Killed an eight-headed hydra
 15053 | D:10     | Noticed a manticore
 15178 | Lair:1   | Entered Level 1 of the Lair of Beasts
 15196 | Lair:1   | Reached skill level 11 in Dodging
 15482 | Lair:1   | Reached skill level 10 in Fighting
 15516 | Lair:1   | Identified the +1 plate armour of Xarausch {Str+3}
 15677 | Lair:1   | Reached XP level 12. HP: 67/91 MP: 0/0
 16567 | Lair:2   | Noticed a seven-headed hydra
 16573 | Lair:2   | Killed a seven-headed hydra
 17063 | Lair:2   | Noticed a boulder beetle
 17074 | Lair:2   | Killed a boulder beetle
 17247 | Lair:2   | Noticed an eight-headed hydra
 17261 | Lair:2   | Killed an eight-headed hydra
 17493 | Lair:2   | Found a staircase to the Swamp.
 17493 | Lair:2   | Noticed a seven-headed hydra
 17501 | Lair:2   | Reached ****** piety under Cheibriados
 17502 | Lair:2   | Killed a seven-headed hydra
 17503 | Lair:2   | Reached XP level 13. HP: 33/96 MP: 0/0
 17503 | Lair:2   | Learned a level 5 spell: Yara's Violent Unravelling
 17903 | Lair:2   | Noticed a seven-headed hydra
 17916 | Lair:2   | Killed a seven-headed hydra
 18241 | Lair:2   | Noticed a four-headed hydra
 18246 | Lair:2   | Noticed a five-headed hydra
 18259 | Lair:2   | Killed a five-headed hydra
 18818 | Lair:2   | Identified the +1 pair of boots "Valupud" {Regen+}
 18821 | Lair:2   | Identified the +0 plate armour "Vuall" {Harm rPois rN+}
 18978 | Lair:3   | Found a staircase to the Snake Pit.
 19238 | Lair:3   | Noticed a four-headed hydra
 19248 | Lair:3   | Killed a four-headed hydra
 19253 | Lair:3   | Reached skill level 11 in Invocations
 19278 | Lair:3   | Noticed a catoblepas
 19287 | Lair:3   | Killed a catoblepas
 19415 | Lair:3   | Noticed a catoblepas
 19428 | Lair:3   | Killed a catoblepas
 20003 | Lair:3   | Noticed a five-headed hydra
 20009 | Lair:3   | Killed a five-headed hydra
 20854 | Lair:4   | Noticed an eight-headed hydra
 20881 | Lair:4   | Killed an eight-headed hydra
 21449 | Lair:4   | Reached XP level 14. HP: 85/103 MP: 0/0
 22804 | Lair:5   | Found a gate leading to a gauntlet.
 22813 | Gauntlet | Entered a Gauntlet
 22813 | Gauntlet | Found a transporter.
 22813 | Gauntlet | Found a transporter.
 22814 | Gauntlet | Found a transporter.
 22814 | Gauntlet | Found a transporter.
 22814 | Gauntlet | Noticed a reaper
 22817 | Gauntlet | Found a transporter.
 22831 | Gauntlet | Found a transporter.
 22895 | Gauntlet | Found a transporter.
 22907 | Gauntlet | Found a transporter.
 22921 | Gauntlet | Found a transporter.
 22931 | Gauntlet | Found a transporter.
 22946 | Gauntlet | Found a transporter.
 22952 | Gauntlet | Found a transporter.
 23758 | Gauntlet | Identified the +1 hat of the Furrier {rPois SInv}
 23785 | Gauntlet | Noticed a minotaur
 23807 | Gauntlet | Killed a minotaur
 23966 | Gauntlet | Identified the ring "Bethaxt" {Wiz rC+ Will+ Dex+4}
 23966 | Gauntlet | Identified the +0 ring mail "Soguox" {Dex+3}
 23966 | Gauntlet | Identified the +1 leather armour "Yduf" {Contam Fly rN+
                  | rCorr}
 24274 | Lair:5   | Found a staircase to the Slime Pits.
 24275 | Lair:5   | Found a viscous altar of Jiyva.
 24957 | Lair:6   | Entered Level 6 of the Lair of Beasts
 25185 | Lair:6   | Reached skill level 11 in Unarmed Combat
 25196 | Lair:6   | Reached XP level 15. HP: 47/107 MP: 0/0
 25196 | Lair:6   | Learned a level 6 spell: Conjure Ball Lightning
 26661 | Lair:6   | Reached skill level 11 in Fighting
 27480 | Lair:6   | Reached skill level 12 in Fighting
 27862 | Lair:6   | Found a corrupted altar of Lugonu.
 27862 | Lair:6   | Found a one-way gate to the infinite horrors of the Abyss.
 27916 | Lair:6   | Identified the +2 robe of Wrong Decisions {Dex+3}
 28899 | D:9      | Killed Erolcha
 30165 | D:10     | Noticed Josephine
 30172 | D:10     | Killed Josephine
 30486 | D:10     | Reached skill level 13 in Fighting
 30995 | D:11     | Found a runed translucent door.
 31499 | D:11     | Reached XP level 16. HP: 69/121 MP: 0/0
 31505 | D:11     | Identified the amulet "Nutymny" {Acrobat +Blink rPois rC+
                  | Int+4}
 32468 | Orc:1    | Entered Level 1 of the Orcish Mines
 32566 | Orc:2    | Entered Level 2 of the Orcish Mines
 33204 | Orc:2    | Found a staircase to the Elven Halls.
 34111 | Orc:2    | Reached skill level 14 in Fighting
 34550 | Orc:2    | Found Mikleedu's Magic Scroll Shop.
 34569 | Orc:2    | Found Peosh's Assorted Antiques.
 34575 | Orc:2    | Found Buonust's Distillery.
 34577 | Orc:2    | Found Otampe Bonn's Antique Armour Shop.
 34733 | Orc:2    | Bought a scroll of acquirement for 780 gold pieces
 34733 | Orc:2    | Acquired a manual of Armour
 34737 | Orc:2    | Bought a scroll of teleportation for 45 gold pieces
 34737 | Orc:2    | Bought a scroll of teleportation for 45 gold pieces
 34737 | Orc:2    | Bought a scroll of identify for 30 gold pieces
 34737 | Orc:2    | Bought a scroll of fog for 30 gold pieces
 34737 | Orc:2    | Bought a scroll of magic mapping for 52 gold pieces
 34750 | Orc:2    | Bought a potion of heal wounds for 70 gold pieces
 34750 | Orc:2    | Bought a potion of might for 56 gold pieces
 34750 | Orc:2    | Bought a potion of curing for 42 gold pieces
 35164 | Orc:1    | Found Vekolan's Self-Improvement Boutique.
 35343 | Orc:1    | Noticed Fannar
 35353 | Orc:1    | Killed Fannar
 37001 | D:12     | Reached skill level 15 in Fighting
 38057 | D:13     | Found Evutinn's Magic Scroll Shop.
 38065 | D:13     | Bought a scroll of fog for 36 gold pieces
 38065 | D:13     | Bought a scroll of teleportation for 54 gold pieces
 38065 | D:13     | Bought a scroll of enchant armour for 135 gold pieces
 38065 | D:13     | Bought a scroll of teleportation for 54 gold pieces
 38065 | D:13     | Bought a scroll of summoning for 171 gold pieces
 38153 | D:13     | Found a bloodstained altar of Trog.
 38821 | D:13     | Identified the +3 leather armour "Atuanesi" {Harm Drain
                  | rElec rF+++}
 39532 | D:14     | Noticed Rupert
 39533 | D:14     | MemeProof: ??Rupert
 39533 | D:14     | MemeProof: !!Rupert
 39533 | D:14     | beem: rupert[1/1]: Not a crusader. Will "look more
                  | energetic" 2 turns after his berserk wears off (and
                  | promptly zerk again). Spells: paralyse, confuse, berserker
                  | rage. Is generated with a good two-handed weapon. For
                  | laughs, watch: "!lg * mfre killer=rupert 1 -tv:<0.5" or "!lg * kewn killer=rupert 1 -tv:<0.5".>
                  | ERROR: string above had unterminated tag
 39533 | D:14     | buhh: RUPERT
 39544 | D:14     | buhh: HARD PASS
 39544 | D:14     | buhh: BRB
 39544 | D:14     | buhh: AFK
 39544 | D:14     | buhh: sry
 39544 | D:14     | MemeProof: kk no problem!
 39544 | D:14     | MemeProof: !lg * mfre killer=rupert 1 -tv:<0.5>
                  | ERROR: string above had unterminated tag
 39544 | D:14     | beem: 1. ToastyP, XL14 MfRe, T:28143 requested for FooTV:
                  | telnet://termcast.shalott.org or
                  | https://termcast.shalott.org.
 39544 | D:14     | MemeProof: @??Rupert
 39544 | D:14     | beem: Rupert (@)
                  | Spd:
    10 | HD: 16   | HP: 99-136
                  | AC/EV:
                  | 7/9
                  | Dam: 21
                  | weapons, items, doors
                  | Res: will(100)
                  | | Corpse
                  | XP: 1853
                  | Sp: paralyse [!AM], confuse [!AM],
                  | berserker rage [!AM, !sil]
                  | Sz: Medium
                  | Int: human.
 39544 | D:14     | buhh: got a meeting with the boss
 39544 | D:14     | buhh: gonna be like 30 mins
 39544 | D:14     | MemeProof: No problem! Have a good meeting
 40096 | Snake:1  | Entered Level 1 of the Snake Pit
 40211 | Snake:1  | You are sucked into a shaft and drop 1 floor!
 40519 | Snake:2  | Reached XP level 17. HP: 111/131 MP: 0/0
 40519 | Snake:2  | Learned a level 7 spell: Monstrous Menagerie
 40579 | Snake:2  | Shot with an arrow by a naga sharpshooter

Illustrated notes

Levels and vault maps discovered:
D:1:      denvon_arrival_waterhouse, layout_basic,
          shapermc_ecumenical_altar_mp_ritualfount, minmay_door_square,
          st_stairs_14
D:2:      layout_loops_ring, kennysheep_flooded_box, uniq_terence
D:3:      layout_basic, cheibrodos_ashenzari_chains
D:4:      cheibrodos_greedy_goblins, layout_loops_ring, temple_green
D:5:      layout_gridville, mainiacjoe_overflow_six_doors_small,
          ebering_ghost_inner_flame, gup_sewer_entry_bowl, corexii_shack,
          columned_hall_lemuel, minmay_misc_feat_enclosed, serial_park_tiny_2,
          chequers_garden
D:6:      layout_loops_corners, ebering_dispersal_statue_hall, uniq_eustachio,
          uniq_edmund
D:7:      layout_layer_cave, chequers_avenue
D:8:      layout_cave_pods, gammafunk_temple_overflow_wave,
          kennysheep_small_square
D:9:      layout_layer_cave, erik_lair_island, gammafunk_ghost_hydra_chop,
          hangedman_decor_points, uniq_psyche, uniq_pikel, uniq_erolcha
D:10:     layout_basic, kennysheep_mini_moat, general_overflow_altar,
          orc_0_dummy, uniq_josephine
D:11:     minmay_the_grid_triangle_9x9_rhombus_full
          [minmay_the_grid_triangle_9x9_subtriangle,
          minmay_the_grid_triangle_9x9_empty,
          minmay_the_grid_triangle_9x9_empty,
          minmay_the_grid_triangle_9x9_wacky_v,
          minmay_the_grid_triangle_9x9_zippers_vertical,
          minmay_the_grid_triangle_9x9_skeleton,
          minmay_the_grid_triangle_9x9_checkered,
          minmay_the_grid_triangle_9x9_prize_center], layout_rooms
D:12:     layout_roguey, serial_rivers, chequers_serial_rivers_micro_c,
          chequers_serial_rivers_micro_d, chequers_serial_rivers_large_b,
          chequers_serial_rivers_micro_d, chequers_serial_rivers_room_a
D:13:     cheibrodos_orc_bank, layout_stronghold, serial_shops,
          nicolae_shop_hallway_stairs, trog_three_pillars_becter
D:14:     layout_gridville, grunt_vaults_entry_fortified, chequers_mini_garden,
          uniq_rupert
Temple:   minmay_temple_bridge_d
Lair:1:   beast_lair_carwin_large_1, layout_loops_ring,
          chequers_serial_rivers_micro_d
Lair:2:   nzn_winding_woodlands_large [nzn_winding_woodlands_hourglass,
          nzn_winding_woodlands_5x15_crooked, nzn_winding_woodlands_5x5_three,
          nzn_winding_woodlands_center_garden,
          nzn_winding_woodlands_15x15_thick_spiral,
          nzn_winding_woodlands_center_diamonds,
          nzn_winding_woodlands_5x5_open_star,
          nzn_winding_woodlands_5x15_longhouse,
          nzn_winding_woodlands_5x5_perimeter], layout_big_grid,
          skrybe_swamp_entry_bodies, kennysheep_abandoned_house,
          serial_bayou_shore_a
Lair:3:   minmay_lair_oklob_chamber, layout_cave_pods,
          minmay_snake_entry_guardpost_small, grunt_megastairs_3,
          infiniplex_staircase_pool_2
Lair:4:   dpeg_oklob_gauntlet, layout_gridlike, nicolae_lair_lakeside_cave,
          lemuel_fruit_fields
Lair:5:   layout_small_grid, nicolae_slime_entry_slimehenge,
          gauntlet_entry_generic
Lair:6:   hellmonk_lair_end_abyssal_woods, layout_loops_ring,
          bobbens_dragon_lair_wall, grunt_megastairs_2,
          infiniplex_staircase_pool, lemuel_fruit_tree
Snake:1:  layout_cave_pods, grunt_ministairs_1, minmay_shop_grove
Snake:2:  layout_layer_cave, uniq_aizul
Orc:1:    layout_diamond_mine, nicolae_shop_self_help, uniq_fannar
Orc:2:    st_orc_elflike, layout_diamond_mine

Skill      XL: |  1  2  3  4  5  6  7  8  9 10 11 12 13 14 15 16 17 |
---------------+----------------------------------------------------+-----
Spellcasting   | 2 3 4 5 6 8 9 10 | 10.7
Fighting       | 2 3 4 5 7 8 10 13 15 | 15.0
Dodging        | 3 4 5 6 8 9 11 | 11.0
Armour         | 2 4 8 9 |  9.4
Invocations    | 3 7 12 13 | 13.0
Unarmed Combat | 11 12 | 12.0
Stealth        | 4 5 |  5.2

Action                   |  1- 3 |  4- 6 |  7- 9 | 10-12 | 13-15 | 16-18 || total
-------------------------+-------+-------+-------+-------+-------+-------++-------
Melee: Unarmed           |    97 |   162 |   368 |   251 |   453 |   249 ||  1580
       Headbutt          |    11 |     3 |       |       |       |       ||    14
       Punch             |       |     1 |       |       |       |       ||     1
 Cast: Beastly Appendage |    20 |     5 |     2 |     4 |       |       ||    31
       Spider Form       |       |    20 |    56 |    15 |     3 |     7 ||   101
       Wereblood         |       |     2 |     2 |     2 |     1 |       ||     7
       Frozen Ramparts   |       |       |     1 |    36 |    47 |    11 ||    95
       Ice Form          |       |       |       |    21 |    79 |    43 ||   143
       Summon Lightning  |       |       |       |     7 |    52 |    49 ||   108
       Blink             |       |       |       |       |     5 |     1 ||     6
       Conjure Ball Ligh |       |       |       |       |    11 |     5 ||    16
       Yara's Violent Un |       |       |       |       |       |     3 ||     3
       Teleport Other    |       |       |       |       |       |     1 ||     1
Invok: Slouch            |       |       |       |     2 |     5 |     7 ||    14
       Step From Time    |       |       |       |       |     7 |     4 ||    11
Evoke: Wand              |       |       |     3 |    14 |       |     3 ||    20
       Lightning rod     |       |       |       |       |     1 |       ||     1
       Phial of floods   |       |       |       |       |       |     1 ||     1
  Use: Scroll            |     3 |     5 |     4 |     4 |    19 |     6 ||    41
       Potion            |     3 |     2 |       |       |     8 |    14 ||    27
 Stab: Sleeping          |     1 |       |     3 |     1 |     1 |       ||     6
       Distracted        |       |       |     1 |       |     4 |     5 ||    10
Armor: Robe              |    14 |     9 |       |     4 |       |     3 ||    30
       Skin              |     4 |     5 |     9 |    55 |   196 |    76 ||   345
       Steam dragon scal |       |       |       |       |     2 |       ||     2
Dodge: Dodged            |    55 |   160 |   319 |   402 |   622 |   487 ||  2045

Table legend: (Time is in decaauts)
 A = Elapsed time spent in this place.
 B = Non-inter-level travel time spent in this place.
 C = Inter-level travel time spent in this place.
 D = Time resting spent in this place.
 E = Time spent auto-exploring this place.
 F = Levels seen in this place.
 G = Mean time per level.
                   A        B        C        D        E       F      G
               +--------+--------+--------+--------+--------+-----+--------+
         Total |  52641 |  49000 |   3641 |   9672 |  32070 |  27 | 1949.7 |
       Dungeon |  28146 |  25374 |   2772 |   4426 |  17558 |  14 | 2010.4 |
        Temple |    133 |    108 |     25 |      0 |     70 |   1 |  133.0 |
          Lair |  17046 |  16398 |    648 |   3052 |  11305 |   6 | 2841.0 |
     Snake Pit |    614 |    614 |      0 |    151 |     97 |   2 |  307.0 |
  Orcish Mines |   4152 |   3957 |    195 |   1266 |   1913 |   2 | 2076.0 |
         Sewer |   1082 |   1082 |      0 |      0 |    786 |   1 | 1082.0 |
      Gauntlet |   1466 |   1466 |      0 |    776 |    340 |   1 | 1466.0 |
               +--------+--------+--------+--------+--------+-----+--------+

Top non-repeatable levels by time:
  Lair:6: 4260 daAuts
     D:9: 3675 daAuts
  Lair:2: 3270 daAuts
    D:10: 3212 daAuts
    D:11: 3136 daAuts
   Orc:2: 2833 daAuts
  Lair:3: 2799 daAuts
  Lair:4: 2776 daAuts
    D:13: 2211 daAuts
     D:8: 2167 daAuts
  Lair:5: 2096 daAuts
     D:2: 1984 daAuts
  Lair:1: 1842 daAuts
     D:7: 1820 daAuts
     D:6: 1789 daAuts
